 Dungeon Crawl Stone Soup version 0.20.2 (webtiles) character file.

206 Alfie the Shooter (level 5, -1/45 HPs)
             Began as a Minotaur Hunter on Apr 15, 2020.
             Slain by Alfie's ghost (6 damage)
             ... on level 5 of the Dungeon.
             The game lasted 00:04:12 (1156 turns).

Alfie the Shooter (Minotaur Hunter)                 Turns: 1156, Time: 00:04:13

Health: -1/45      AC:  4    Str: 17    XL:     5   Next: 53%
Magic:  4/4        EV: 12    Int:  8    God:
Gold:   85         SH:  0    Dex: 11    Spells: 4/4 levels left

rFire    . . .     SeeInvis .   b - +0 short sword
rCold    . . .     Gourm    .   (no shield)
rNeg     . . .     Faith    .   c - +1 leather armour
rPois    .         Spirit   .   (helmet restricted)
rElec    .         Reflect  .   (no cloak)
rCorr    .         Harm     .   (no gloves)
MR       .....                  (no boots)
Stlth    +.........             e - amulet of rage
Regen    0.2/turn               (no ring)
MPRegen  0.1/turn               (no ring)

@: no status effects
A: retaliatory headbutt, horns 2
a: Evoke Berserk Rage


You were on level 5 of the Dungeon.
You were not hungry.

You visited 1 branch of the dungeon, and saw 4 of its levels.

You collected 85 gold pieces.

Inventory:

Hand Weapons
 a - a +1 shortbow
 b - a +0 short sword (weapon)
Armour
 c - a +1 leather armour (worn)
Jewellery
 e - an amulet of rage (around neck)
 l - an uncursed amulet of guardian spirit {unknown}
Potions
 i - a potion of flight
Books
 k - a book of Conjurations

   Spells                             Type                      Level
   a - Magic Dart                     Conjuration                  1
   b - Searing Ray                    Conjuration                  2
   c - Dazzling Spray                 Conjuration/Hexes            3
   d - Fulminant Prism                Conjuration/Hexes            4
   e - Force Lance                    Conjuration/Translocation    4
   f - Iskenderun's Mystic Blast      Conjuration                  4
Comestibles
 f - a bread ration
 h - 2 fruits


   Skills:
 + Level 3.2 Fighting
 + Level 0.4 Short Blades
 + Level 6.6 Bows
 + Level 1.6 Armour
 + Level 2.5 Dodging
 + Level 1.3 Stealth


You had 4 spell levels left.
You didn't know any spells.

Dungeon Overview and Level Annotations

Branches:
Dungeon (5/15)
 Temple: D:4-7

Altars:

Annotations:
D:5 Alfie's ghost, novice MiHu


Innate Abilities, Weirdness & Mutations

You reflexively headbutt those who attack you in melee.
You have a pair of horns on your head.


Message History

Put on which piece of jewellery? (? for menu, Esc to quit)
e - an amulet of rage (around neck) Alfie's ghost hits you but does no damage.
Wield which item (- for none, * to show all)? (? for menu, Esc to quit)
b - a +0 short sword (weapon)
The orc hits you with a flail. The orc closely misses you.
Items here: ( ) [ † a dagger; a robe; 2 arrows; an orc corpse You barely miss the orc.
You hear a distant blaring wail to the northwest.
Alfie's ghost hits you!
* * * LOW HITPOINT WARNING * * *
The orc barely misses you. You furiously retaliate!
You headbutt the orc. The orc barely misses you. You furiously retaliate!
You headbutt the orc. You hit the orc.
You kill the orc!
Alfie's ghost hits you.
* * * LOW HITPOINT WARNING * * *
The orc closely misses you. Alfie's ghost hits you.
You die...

#.######
.(#(..#
#.#...# .....#
#.(.. .(. #)#
#@## #Wo# .
####
######(##..b.
...####
#.............
......#
#.####.##.###.
......# #.#
#.# # #.....#
#.# #.#
#.....######.#
#..
#............#
##.


You could see Alfie's ghost and an orc.

Vanquished Creatures
  A howler monkey (D:5)
  A crimson imp (D:5)
  An orc wizard (D:5)
  2 worker ants (D:5)
  2 adders (D:2)
  A worm (D:2)
  2 dart slugs
  An orc (D:5)
  3 giant cockroaches
  8 goblins
  3 hobgoblins
  4 jackals (D:1)
  3 kobolds (D:2)
  A quokka (D:2)
  A ball python (D:1)
  4 bats
  A frilled lizard (D:2)
  2 rats (D:1)
41 creatures vanquished.

Notes
Turn   | Place    | Note
-------+----------+-------------------------------------------
     0 | D:1      | Alfie the Minotaur Hunter began the quest for the Orb.
     0 | D:1      | Reached XP level 1. HP: 18/18 MP: 0/0
   128 | D:1      | Reached XP level 2. HP: 21/25 MP: 1/1
   187 | D:1      | Reached skill level 5 in Bows
   307 | D:1      | You fall through a shaft!
   370 | D:2      | Reached XP level 3. HP: 24/30 MP: 2/2
   614 | D:2      | Reached skill level 1 in Armour
   620 | D:2      | Reached skill level 1 in Stealth
   967 | D:2      | You fall through a shaft for 2 floors!
   967 | D:4      | Noticed a phantom
   975 | D:5      | Entered Level 5 of the Dungeon
   981 | D:5      | Reached XP level 4. HP: 31/37 MP: 3/3
  1078 | D:5      | Reached skill level 6 in Bows
  1081 | D:5      | Reached XP level 5. HP: 29/44 MP: 4/4
  1145 | D:5      | Noticed Alfie's ghost (novice MiHu)
  1156 | D:5      | Slain by Alfie's ghost

Skill      XL: |  1  2  3  4  5 |
---------------+----------------+-----
Bows           | 5 6 |  6.6
Armour         | 1 |  1.6
Stealth        | 1 |  1.3
Fighting       | 3 |  3.2
Short Blades   | |  0.4
Dodging        | |  2.5

Action                   |  1- 3 |  4- 6 || total
-------------------------+-------+-------++-------
Melee: Short sword       |    13 |     2 ||    15
 Fire: Shortbow          |    86 |    16 ||   102
  Use: Potion            |       |     3 ||     3
       Scroll            |       |     5 ||     5
  Eat: Bread ration      |       |     1 ||     1
Armor: Leather armour    |    12 |     2 ||    14
Dodge: Dodged            |    43 |    10 ||    53
